BSA
ST. LOUIS BROWNS @ IRVINE GANG GREEN
07/28/2027
 
TOP OF THE 1ST
St. Louis Browns batting - Pitching for Irvine Gang Green : LHP Masutaro Koyama
Pitching: LHP Masutaro Koyama
Batting: LHB Joe Sanders 0-0: Called Strike
0-1: Foul Ball, location: 2F
0-2: Ball
1-2: Strikes out swinging
Batting: RHB Anthony Rucker 0-0: Foul Ball, location: 2F
0-1: Swinging Strike
0-2: Strikes out swinging
Batting: LHB Mike Hill 0-0: Swinging Strike
0-1: Called Strike
0-2: Ball
1-2: Strikes out looking
Top of the 1st over - 0 run(s), 0 hit(s), 0 error(s), 0 left on base; St. Louis 0 - Irvine 0
BOTTOM OF THE 1ST
Irvine Gang Green batting - Pitching for St. Louis Browns : LHP Bernardo Miranda
Pitching: LHP Bernardo Miranda
Batting: RHB Buck Jones 0-0: Ball
1-0: Foul Ball, location: 2F
1-1: Foul Ball, location: 2F
1-2: SOLO HOME RUN (Line Drive, 78XD), Distance : 437 ft
Batting: RHB José Salazar 0-0: Called Strike
0-1: Ball
1-1: Ground out 6-3 (Groundball, 6)
Batting: RHB Eichiro Yamamoto 0-0: Ball
1-0: Ball
2-0: Ball
3-0: Base on Balls
Batting: LHB Jorge Martínez 0-0: Ball
1-0: Ball
2-0: Ball
3-0: Called Strike
3-1: Base on Balls
Eichiro Yamamoto to second
Batting: RHB Tom Doherty 0-0: Grounds into double play, 5-4-3 (Groundball, 5)
Bottom of the 1st over - 1 run(s), 1 hit(s), 0 error(s), 1 left on base; St. Louis 0 - Irvine 1
TOP OF THE 2ND
St. Louis Browns batting - Pitching for Irvine Gang Green : LHP Masutaro Koyama
Batting: LHB Stan Hickman 0-0: Ball
1-0: Ball
2-0: Ball
3-0: Base on Balls
Batting: LHB Jorge Torres 0-0: Fly out, F8 (Flyball, 8LD)
Batting: RHB Adrian Prouse 0-0: Ball
1-0: Called Strike
1-1: Swinging Strike
1-2: Strikes out swinging
Batting: RHB Mario Rosales 0-0: Ball
1-0: Foul Ball, location: 2F
1-1: Swinging Strike
1-2: Ball
2-2: Ball
3-2: SINGLE (Line Drive, 9LS)
Stan Hickman to second
Stan Hickman to third
Batting: RHB José Flores 0-0: Called Strike
0-1: Ball
1-1: Foul Ball, location: 2F
1-2: Ball
2-2: SINGLE (Line Drive, 34D)
Stan Hickman scores
Mario Rosales to second
Batting: LHB Tommy Evans 0-0: Ball
1-0: Called Strike
1-1: SINGLE (Line Drive, 6MD)
Mario Rosales to third
José Flores to second
Runner from 3rd tries for Home, SAFE, no throw
Batting: LHB Joe Sanders 0-0: Ball
1-0: Fly out, F7 (Flyball, 7LS)
Top of the 2nd over - 2 run(s), 3 hit(s), 0 error(s), 2 left on base; St. Louis 2 - Irvine 1
BOTTOM OF THE 2ND
Irvine Gang Green batting - Pitching for St. Louis Browns : LHP Bernardo Miranda
Batting: LHB Víctor Quiñones 0-0: Ball
1-0: Swinging Strike
1-1: Ball
2-1: Swinging Strike
2-2: Strikes out swinging
Batting: RHB Ronnie Brown 0-0: DOUBLE (Line Drive, 89M)
Batting: RHB Tyler Wagner 0-0: Ball
1-0: Ball
2-0: Ball
3-0: Called Strike
3-1: Foul Ball, location: 2F
3-2: Foul Ball, location: 2F
3-2: Fly out, F8 (Flyball, 8LM)
Batting: LHB Jesús Campos 0-0: Foul Ball, location: 2F
0-1: Foul Ball, location: 2F
0-2: Ball
1-2: Ball
2-2: Ball
3-2: Fly out, F9 (Flyball, 9S)
Bottom of the 2nd over - 0 run(s), 1 hit(s), 0 error(s), 1 left on base; St. Louis 2 - Irvine 1
TOP OF THE 3RD
St. Louis Browns batting - Pitching for Irvine Gang Green : LHP Masutaro Koyama
Batting: RHB Anthony Rucker 0-0: Called Strike
0-1: Foul Ball, location: 2F
0-2: Ball
1-2: Ball
2-2: Ground out 4-3 (Groundball, 4)
Batting: LHB Mike Hill 0-0: Ball
1-0: Called Strike
1-1: Foul Ball, location: 2F
1-2: Fly out, F7 (Flyball, 78D)
Batting: LHB Stan Hickman 0-0: Foul Ball, location: 2F
0-1: Ground out 2-3 (Groundball, 2L)
Top of the 3rd over - 0 run(s), 0 hit(s), 0 error(s), 0 left on base; St. Louis 2 - Irvine 1
BOTTOM OF THE 3RD
Irvine Gang Green batting - Pitching for St. Louis Browns : LHP Bernardo Miranda
Batting: RHB Buck Jones 0-0: Foul Ball, location: 2F
0-1: Ball
1-1: Called Strike
1-2: Ball
2-2: Foul Ball, location: 2F
2-2: Ground out 6-3 (Groundball, 6)
Batting: RHB José Salazar 0-0: Called Strike
0-1: Ground out 6-3 (Groundball, 6)
Batting: RHB Eichiro Yamamoto 0-0: Ball
1-0: Ball
2-0: Swinging Strike
2-1: SINGLE (Groundball, 56) (infield hit)
Batting: LHB Jorge Martínez 0-0: Ball
1-0: Ball
2-0: Called Strike
2-1: Ball
3-1: Foul Ball, location: 2F
3-2: Fly out, F9 (Flyball, 89D)
Bottom of the 3rd over - 0 run(s), 1 hit(s), 0 error(s), 1 left on base; St. Louis 2 - Irvine 1
TOP OF THE 4TH
St. Louis Browns batting - Pitching for Irvine Gang Green : LHP Masutaro Koyama
Batting: LHB Jorge Torres 0-0: Ball
1-0: Called Strike
1-1: Fly out, F2 (Popup, 13S)
Batting: RHB Adrian Prouse 0-0: Swinging Strike
0-1: Ball
1-1: Ball
2-1: Ground out 6-3 (Groundball, 6)
Batting: RHB Mario Rosales 0-0: Called Strike
0-1: Ball
1-1: Swinging Strike
1-2: Ball
2-2: Fly out, F9 (Flyball, 9LMF)
Top of the 4th over - 0 run(s), 0 hit(s), 0 error(s), 0 left on base; St. Louis 2 - Irvine 1
BOTTOM OF THE 4TH
Irvine Gang Green batting - Pitching for St. Louis Browns : LHP Bernardo Miranda
Batting: RHB Tom Doherty 0-0: Ball
1-0: Ground out 4-3 (Groundball, 4)
Batting: LHB Víctor Quiñones 0-0: Foul Ball, location: 2F
0-1: Ball
1-1: Foul Ball, location: 2F
1-2: Ball
2-2: Ball
3-2: Foul Ball, location: 2F
3-2: SINGLE (Groundball, 4MD)
Batting: RHB Ronnie Brown 0-0: Called Strike
0-1: Ball
1-1: Grounds into double play, 6-4-3 (Groundball, 6)
Bottom of the 4th over - 0 run(s), 1 hit(s), 0 error(s), 0 left on base; St. Louis 2 - Irvine 1
TOP OF THE 5TH
St. Louis Browns batting - Pitching for Irvine Gang Green : LHP Masutaro Koyama
Batting: RHB José Flores 0-0: DOUBLE (Line Drive, 7LD)
Batting: LHB Tommy Evans 0-0: SINGLE (Groundball, 34) (infield hit)
José Flores to third
Batting: LHB Joe Sanders 0-0: Called Strike
0-1: Swinging Strike
0-2: Foul Ball, location: 2F
0-2: Foul Ball, location: 2F
0-2: Strikes out swinging
Batting: RHB Anthony Rucker 0-0: Called Strike
0-1: Foul Ball, location: 2F
0-2: Strikes out looking
Batting: LHB Mike Hill 0-0: Fly out, F3 (Line Drive, 3)
Top of the 5th over - 0 run(s), 2 hit(s), 0 error(s), 2 left on base; St. Louis 2 - Irvine 1
BOTTOM OF THE 5TH
Irvine Gang Green batting - Pitching for St. Louis Browns : LHP Bernardo Miranda
Batting: RHB Tyler Wagner 0-0: Foul Ball, location: 2F
0-1: Foul Ball, location: 2F
0-2: Ball
1-2: Ball
2-2: Fly out, F8 (Flyball, 8RD)
Batting: LHB Jesús Campos 0-0: Ball
1-0: Ball
2-0: Called Strike
2-1: Fly out, F7 (Flyball, 7LSF)
Batting: RHB Buck Jones 0-0: Fly out, F4 (Popup, 4)
Bottom of the 5th over - 0 run(s), 0 hit(s), 0 error(s), 0 left on base; St. Louis 2 - Irvine 1
TOP OF THE 6TH
St. Louis Browns batting - Pitching for Irvine Gang Green : LHP Masutaro Koyama
Batting: LHB Stan Hickman 0-0: Ball
1-0: Fly out, F8 (Flyball, 89D)
Batting: LHB Jorge Torres 0-0: Ground out 4-3 (Groundball, 4)
Batting: RHB Adrian Prouse 0-0: Foul Ball, location: 2F
0-1: Ball
1-1: Foul Ball, location: 2F
1-2: Foul Ball, location: 2F
1-2: Foul Ball, location: 2F
1-2: Foul Ball, location: 2F
1-2: Foul Ball, location: 2F
1-2: Ground out 5-3 (Groundball, 56)
Top of the 6th over - 0 run(s), 0 hit(s), 0 error(s), 0 left on base; St. Louis 2 - Irvine 1
BOTTOM OF THE 6TH
Irvine Gang Green batting - Pitching for St. Louis Browns : LHP Bernardo Miranda
Batting: RHB José Salazar 0-0: Ball
1-0: Swinging Strike
1-1: Called Strike
1-2: Ball
2-2: Ball
3-2: DOUBLE (Flyball, 78M)
Batting: RHB Eichiro Yamamoto 0-0: Ball
1-0: Foul Ball, location: 2F
1-1: Ball
2-1: Called Strike
2-2: Ground out 6-3 (Groundball, 6)
Batting: LHB Jorge Martínez 0-0: Foul Ball, location: 2F
0-1: Ball
1-1: Foul Ball, location: 2F
1-2: Ball
Wild Pitch!
José Salazar to third
2-2: Strikes out looking
Batting: RHB Tom Doherty 0-0: Ball
1-0: Ground out 4-3 (Groundball, 4)
Bottom of the 6th over - 0 run(s), 1 hit(s), 0 error(s), 1 left on base; St. Louis 2 - Irvine 1
TOP OF THE 7TH
St. Louis Browns batting - Pitching for Irvine Gang Green : LHP Masutaro Koyama
Batting: RHB Mario Rosales 0-0: SINGLE (Groundball, 34D)
Batting: RHB José Flores 0-0: Called Strike
0-1: Called Strike
0-2: Strikes out swinging
Batting: LHB Tommy Evans 0-0: Ball
Wild Pitch!
Mario Rosales to second
1-0: Ball
2-0: Called Strike
2-1: Ball
3-1: Swinging Strike
3-2: Strikes out swinging
Batting: LHB Joe Sanders 0-0: SINGLE (Line Drive, 8RS)
Mario Rosales to third
Runner from 3rd tries for Home, SAFE, no throw
Batting: RHB Anthony Rucker 0-0: Called Strike
0-1: Fly out, F9 (Flyball, 9S)
Top of the 7th over - 1 run(s), 2 hit(s), 0 error(s), 1 left on base; St. Louis 3 - Irvine 1
BOTTOM OF THE 7TH
Irvine Gang Green batting - Pitching for St. Louis Browns : LHP Bernardo Miranda
Pitching: RHP John Allan
Batting: LHB Víctor Quiñones 0-0: Called Strike
0-1: Ball
1-1: Swinging Strike
1-2: Ball
2-2: Fly out, F9 (Flyball, 9LM)
Batting: RHB Ronnie Brown 0-0: Ball
1-0: Ground out 6-3 (Groundball, 6)
Batting: RHB Tyler Wagner 0-0: Ball
1-0: Swinging Strike
1-1: Ball
2-1: Swinging Strike
2-2: Foul Ball, location: 2F
2-2: Fly out, F9 (Flyball, 9S)
Bottom of the 7th over - 0 run(s), 0 hit(s), 0 error(s), 0 left on base; St. Louis 3 - Irvine 1
TOP OF THE 8TH
St. Louis Browns batting - Pitching for Irvine Gang Green : LHP Masutaro Koyama
Batting: LHB Mike Hill 0-0: Fly out, F9 (Flyball, 89D)
Batting: LHB Stan Hickman 0-0: Called Strike
0-1: Ball
1-1: Called Strike
1-2: Ball
2-2: Strikes out swinging
Batting: LHB Jorge Torres 0-0: Ground out 3-1 (Groundball, 34)
Top of the 8th over - 0 run(s), 0 hit(s), 0 error(s), 0 left on base; St. Louis 3 - Irvine 1
BOTTOM OF THE 8TH
Irvine Gang Green batting - Pitching for St. Louis Browns : RHP John Allan
Batting: LHB Jesús Campos 0-0: Called Strike
0-1: Ball
1-1: Ball
2-1: Foul Ball, location: 2F
2-2: Fly out, F9 (Flyball, 9LM)
Batting: RHB Buck Jones 0-0: Ball
1-0: Ball
2-0: Ball
3-0: Base on Balls
Pitching: RHP Ramón Silva
Batting: RHB José Salazar 0-0: Ball
1-0: Foul Ball, location: 2F
1-1: Foul Ball, location: 2F
1-2: Ball
2-2: DOUBLE (Groundball, 5L)
Buck Jones to third
Batting: RHB Eichiro Yamamoto 0-0: Called Strike
0-1: Foul Ball, location: 2F
0-2: Ball
1-2: Foul Ball, location: 2F
1-2: Ground out 6-3 (Groundball, 6)
Buck Jones scores
Pitching: LHP Santiago Valentín
Batting: LHB Jorge Martínez 0-0: Called Strike
0-1: Ball
1-1: Foul Ball, location: 2F
1-2: Strikes out looking
Bottom of the 8th over - 1 run(s), 1 hit(s), 0 error(s), 1 left on base; St. Louis 3 - Irvine 2
TOP OF THE 9TH
St. Louis Browns batting - Pitching for Irvine Gang Green : LHP Masutaro Koyama
Pitching: RHP Mike Fisher
Batting: RHB Adrian Prouse 0-0: Called Strike
0-1: Ball
1-1: Swinging Strike
1-2: Ball
2-2: Fly out, F8 (Flyball, 8RM)
Batting: RHB Mario Rosales 0-0: Called Strike
0-1: Swinging Strike
0-2: Ball
1-2: Strikes out swinging
Batting: RHB José Flores 0-0: Ball
1-0: Called Strike
1-1: Called Strike
1-2: Foul Ball, location: 2F
1-2: Fly out, F9 (Flyball, 9S)
Top of the 9th over - 0 run(s), 0 hit(s), 0 error(s), 0 left on base; St. Louis 3 - Irvine 2
BOTTOM OF THE 9TH
Irvine Gang Green batting - Pitching for St. Louis Browns : LHP Santiago Valentín
Pitching: LHP Brent Miller
Batting: RHB Tom Doherty 0-0: Called Strike
0-1: Called Strike
0-2: Strikes out looking
Batting: LHB Víctor Quiñones 0-0: Fly out, F4 (Line Drive, 4)
Batting: RHB Ronnie Brown 0-0: Ground out 3-1 (Groundball, 34S)
Bottom of the 9th over - 0 run(s), 0 hit(s), 0 error(s), 0 left on base; St. Louis 3 - Irvine 2
Thursday, March 30th, 2017 - OOTP Baseball 17.12 Build 75